 Dungeon Crawl Stone Soup version 0.30-a0-557-ge2afbf3030 (webtiles) character file.

Game seed: 12120624913343710632

169 experimilk the Conjurer (level 5, -8/38 HPs)
             Began as a Draconian Conjurer on Dec 27, 2022.
             Killed by divine providence
             ... invoked by an orc priest
              (17 damage)
             ... on level 3 of the Dungeon.
             The game lasted 00:03:55 (3118 turns).

experimilk the Conjurer (Draconian Conjurer)        Turns: 3118, Time: 00:03:55

Health: -8/38      AC:  7    Str: 10    XL:     5   Next: 25%
Magic:  6/9        EV: 12    Int: 20    God:
Gold:   192        SH:  0    Dex:  9    Spells: 7/10 levels left

rFire   . . .      SeeInvis .    e - staff of conjuration
rCold   . . .      Faith    .    (no shield)
rNeg    . . .      Spirit   .    (body armour unavailable)
rPois   .          Reflect  .    (helmet restricted)
rElec   .          Harm     .    o - +1 cloak
rCorr   .          Rampage  .    (no gloves)
Will    .....                    (no boots)
Stlth   ++                       (no amulet)
HPRegen 0.26/turn                (no ring)
MPRegen 0.11/turn                (no ring)

@: no status effects
A: AC +5, unfitting armour, cold-blooded
a: no special abilities


You were on level 3 of the Dungeon.
You visited 1 branch of the dungeon, and saw 3 of its levels.

You collected 192 gold pieces.

Inventory:

Hand Weapons
 b - a +1 whip
Armour
 o - a +1 cloak (worn)
Magical Staves
 e - a staff of conjuration (weapon)
Wands
 n - a wand of quicksilver (4)
Scrolls
 d - a scroll of enchant weapon
 g - 2 scrolls of teleportation {unknown}
 h - 2 scrolls of identify {unknown}
 j - a scroll of enchant armour {unknown}
 k - 2 scrolls of vulnerability {unknown}
 m - a scroll of magic mapping {unknown}
 q - a scroll of poison {unknown}
Potions
 a - a potion of berserk rage {unknown}
 c - 2 potions of mutation {unknown}
 f - 2 potions of heal wounds {unknown}
 i - 2 potions of resistance {unknown}
 l - a potion of degeneration {unknown}
 p - a potion of cancellation {unknown}
 r - a potion of curing {unknown}
 s - a potion of brilliance {unknown}
 t - a potion of might {unknown}


   Skills:
 - Level 1.7 Dodging
 - Level 1.7 Stealth
 - Level 3.0 Spellcasting
 * Level 6.1 Conjurations


You had 7 spell levels left.
You knew the following spells:

 Your Spells              Type           Power      Damage    Failure   Level
a - Magic Dart            Conj           100%       1d8       1%          1
z - Searing Ray           Conj           82%        2d7       1%          2

Your spell library contained the following spells:

 Spells                   Type           Power      Damage    Failure   Level
 Dazzling Flash           Conj/Hex       44%        N/A       12%         3
 Stone Arrow              Conj/Erth      44%        3d9       12%         3
 Fulminant Prism          Conj/Hex       11%        3d9       38%         4
 Iskenderun's Mystic Bla  Conj/Tloc      22%        2d6       38%         4
 Lehudib's Crystal Spear  Conj/Erth      11%        10d4      100%        8
 Animate Armour           Summ/Erth      Unusable   N/A       N/A         4

Dungeon Overview and Level Annotations

Branches:
Dungeon (3/15)

Altars:

Shops:
D:2 =


Innate Abilities, Weirdness & Mutations

Your plain brown scales are hard. (AC +5)
You cannot fit into any form of body armour.
You are cold-blooded and may be slowed by cold attacks.


Message History

s - a sedimented red potion
Found a dagger.
t - a pink potion
Found a stone staircase leading down.
An orc and an orc wizard come into view.
The orc shouts!
You hear a shout! x2
Casting: Magic Dart (safe; 1% risk of failure)
Confirm with . or Enter, or press ? or * to list all spells.
Aiming: Searing Ray (safe; 1% risk of failure)
Press: ? - help, Shift-Dir - straight line, f - orc
Aim: an orc, wielding a +0 short sword (82% to hit)
You feel a surge of power!
The searing ray hits the orc.
The orc is heavily wounded. (Press . to maintain the ray.)
The searing ray misses the orc.
The searing ray hits the orc!
You kill the orc!
A goblin comes into view. It is wielding a +0 club.
The orc wizard gestures at you while chanting.
You are confused.
You hear a shout!
An orc priest comes into view. It is wielding a +0 short sword.
The goblin shouts!
An orc comes into view.
It is wielding a +0 mace and quivering poisoned darts.
There is a stone staircase leading down here.
The orc priest calls down the wrath of Beogh upon you.
Beogh smites you!
You bump into the rock wall.
The goblin closely misses you. The goblin attacks as you move away!
The goblin misses you.
You hit the goblin.
The goblin is severely wounded.
The goblin hits you with a +0 club.
The orc priest mumbles some strange prayers to Beogh against you.
Pain shoots through your body!
* * * LOW HITPOINT WARNING * * *
The goblin attacks as you move away! The goblin closely misses you.
You feel less confused.
The orc priest mumbles some strange prayers to Beogh against you.
Beogh smites you!
You die...

... ...# ..... #o##.#.#. ....
###### #o#..... ### †..
#....####)#..# .. ..
#....+...>...# .#.
#....##.#.o..## ###.# ..
#.......#.#...# #...# ..
#....##....g##.# #.##.# #.#
#....##.#.#@#.[.# #.#....#
#....##.#...##.#..##.###..##
###.###.###..)####..)#..#...
#.# #.# #..#....###..##...
####.###.###..####.#.#.##....
#.........##......#...#......
#.........##.#..####.##......
#...................##..###.#
#............................


You could see an orc priest, an orc wizard, an orc and a goblin.

Vanquished Creatures
  A hound (D:3)
  Crazy Yiuf (D:2)
  Terence (D:2)
  3 gnolls (D:3)
  An adder (D:2)
  A worm (D:3)
  A dart slug (D:3)
  An orc (D:3)
  7 bats
  3 endoplasms
  3 giant cockroaches
  4 hobgoblins
  3 jackals (D:1)
  A quokka (D:1)
  4 ball pythons
  3 frilled lizards
  3 goblins (D:3)
  3 kobolds
  A rat (D:3)
45 creatures vanquished.

Notes
Turn   | Place    | Note
-------+----------+-------------------------------------------
     0 | D:1      | experimilk the Draconian Conjurer began the quest for the
                  | Orb.
     0 | D:1      | Reached XP level 1. HP: 14/14 MP: 3/3
   507 | D:1      | Reached XP level 2. HP: 20/20 MP: 0/5
  1165 | D:2      | Learned a level 2 spell: Searing Ray
  1290 | D:2      | Noticed Terence
  1297 | D:2      | Killed Terence
  1298 | D:2      | Reached XP level 3. HP: 4/26 MP: 3/6
  1422 | D:2      | Found Yliul's Jewellery Shoppe.
  1635 | D:2      | Reached skill level 5 in Conjurations
  1829 | D:2      | Found a faded altar of an unknown god.
  1959 | D:2      | Found a runed translucent door.
  1960 | D:2      | Noticed Crazy Yiuf
  2266 | D:2      | Killed Crazy Yiuf
  2267 | D:2      | Reached XP level 4. HP: 14/33 MP: 2/8
  2705 | D:3      | Reached XP level 5. HP: 38/38 MP: 3/9
  2783 | D:3      | Reached skill level 6 in Conjurations
  3118 | D:3      | Killed from afar by an orc priest

Illustrated notes

Levels and vault maps discovered:
D:1:      tarquinn_simple_flora_water_d, layout_loops_corners
D:2:      layout_loops_corners, ebering_ecumenical_altar_webs, serial_shops,
          nicolae_square_shop, uniq_crazy_yiuf_cottage, uniq_terence
D:3:      layout_basic, lemuel_coloured_pillars_altar,
          hangedman_decor_peaks_small, minmay_misc_feat_alley,
          minmay_pentomino_pile

Skill      XL: |  1  2  3  4  5 |
---------------+----------------+-----
Conjurations   | 5 6 |  6.1
Spellcasting   | 3 |  3.0
Dodging        | |  1.7
Stealth        | |  1.7

Action                   |  1- 3 |  4- 6 || total
-------------------------+-------+-------++-------
Melee: Whip              |     4 |       ||     4
       Staff             |     1 |     8 ||     9
 Cast: Magic Dart        |    40 |    30 ||    70
       Searing Ray       |     5 |     5 ||    10
  Use: Scroll            |     1 |       ||     1
       Potion            |     1 |       ||     1
Armor: Skin              |     2 |     2 ||     4
Dodge: Dodged            |     3 |    13 ||    16

Table legend: (Time is in decaauts)
 A = Elapsed time spent in this place.
 B = Non-inter-level travel time spent in this place.
 C = Inter-level travel time spent in this place.
 D = Time resting spent in this place.
 E = Time spent auto-exploring this place.
 F = Levels seen in this place.
 G = Mean time per level.
                   A        B        C        D        E       F      G
               +--------+--------+--------+--------+--------+-----+--------+
         Total |   3118 |   3072 |     46 |     90 |   2743 |   3 | 1039.3 |
       Dungeon |   3118 |   3072 |     46 |     90 |   2743 |   3 | 1039.3 |
               +--------+--------+--------+--------+--------+-----+--------+

Top non-repeatable levels by time:
     D:2: 1208 daAuts
     D:1: 1158 daAuts
     D:3: 751 daAuts
